 Dungeon Crawl Stone Soup version 0.19.5 (webtiles) character file.

240312 greprep the Unseen (level 18, -20/91 HPs)
             Began as a Spriggan Enchanter on May 13, 2017.
             Was an Elder of Ashenzari.
             Demolished by a dire flail of holy wrath (29 damage)
             ... on level 2 of the Elven Halls.
             The game lasted 04:42:32 (55417 turns).

greprep the Unseen (Spriggan Enchanter)            Turns: 55417, Time: 04:42:32

Health: -20/91     AC:  9    Str:  4    XL:     18   Next: 61%
Magic:  27/39      EV: 32    Int: 27    God:    Ashenzari [****..]
Gold:   2140       SH:  8    Dex: 23    Spells: 14 memorised, 2 levels left

rFire  + . .     SeeInvis +     p - +9 dagger (venom) (curse)
rCold  + . .     Gourm    .     h - +2 robe {MR+} (curse)
rNeg   . . .     Faith    .     R - +0 buckler (curse)
rPois  .         Spirit   .     f - +2 hat (curse)
rElec  .         Reflect  .     a - +2 cloak (curse)
rCorr  .         Harm     .     (gloves unavailable)
MR     ++++.     Clarity  +     (boots unavailable)
Stlth  +++++++++.               r - amulet of regeneration (curse)
                                S - ring of Litien {rF+ rC+ Int+3 Stlth+} (curse)
                                A - +6 ring of intelligence (curse)

@: repel missiles, very quick
A: unfitting armour, see invisible, herbivore 3, speed 3, slow metabolism 2
a: End Transfer Knowledge, Curse Item, Scrying, Renounce Religion
}: 2/15 runes: decaying, gossamer


You were on level 2 of the Elven Halls.
You worshipped Ashenzari.
Ashenzari was greatly pleased with you.
You were not hungry.

You visited 7 branches of the dungeon, and saw 35 of its levels.
You also visited: Ice Cave.

You collected 3681 gold pieces.
You spent 1541 gold pieces at shops.

Inventory:

Hand Weapons
 p - a cursed +9 dagger of venom (weapon)
 U - the +2 rapier "Esegg" {drain, rElec rC- Dex+6 Stlth+}
   (You found it on level 1 of the Elven Halls)

   A truly terrible weapon, it drains the life of those it strikes.
   It affects your dexterity (+6).
   It makes you vulnerable to cold.
   It insulates you from electricity.
   It makes you more stealthy.
Armour
 a - a cursed +2 cloak (worn)
 f - a cursed +2 hat (worn)
 g - the cursed +0 robe of Zuocwo {rC+}
   (You bought it in a shop on level 2 of the Orcish Mines)

   It protects you from cold.
   It has a curse placed upon it.
 h - a cursed +2 robe of magic resistance (worn)
 R - a cursed +0 buckler (worn)
 V - the cursed +11 gold dragon scales "Tegrebber" {rPois rF+ rC+ rN+ Str+2 Int+2}
   (You acquired it on level 6 of the Lair of Beasts)

   It affects your strength (+2).
   It affects your intelligence (+2).
   It protects you from fire.
   It protects you from cold.
   It protects you from poison.
   It protects you from negative energy.
   It has a curse placed upon it.
Jewellery
 r - a cursed amulet of regeneration (around neck)
 z - an uncursed ring of protection from cold
 A - a cursed +6 ring of intelligence (left hand)
 B - an uncursed ring of protection from fire
 K - the ring of Wustria {MP+9 Dex+2}
   (You found it on level 6 of the Lair of Beasts)

   [ring of magical power]

   It affects your dexterity (+2).
   It affects your magic capacity (+9).
 S - the cursed ring of Litien (right hand) {rF+ rC+ Int+3 Stlth+}
   (You found it on level 2 of the Spider Nest)

   [ring of protection from cold]

   It affects your intelligence (+3).
   It protects you from fire.
   It protects you from cold.
   It makes you more stealthy.
   It has a curse placed upon it.
Wands
 b - a wand of iceblast (7/15)
 D - a wand of paralysis (7/24)
 F - a wand of teleportation (5/9)
 G - a wand of digging (9/24)
 H - a wand of teleportation (2/9)
 I - a wand of paralysis (6/24)
 P - a wand of disintegration (10/24)
 W - a wand of acid (2/15)
 Y - a wand of digging (4/24)
Scrolls
 c - 4 scrolls of blinking
 i - 10 scrolls of amnesia
 j - 2 scrolls of fog
 n - 2 scrolls of recharging
 v - 3 scrolls of silence
 J - 8 scrolls of teleportation
 M - a scroll of remove curse
 N - 6 scrolls of magic mapping
 T - 3 scrolls of fear
 Z - 3 scrolls of identify
Potions
 e - 3 potions of cure mutation
 k - 6 potions of curing
 l - 4 potions of ambrosia
 m - 3 potions of might
 o - 5 potions of resistance
 s - 3 potions of haste
 t - 4 potions of cancellation
 u - 3 potions of invisibility
 C - 7 potions of agility
 Q - 4 potions of heal wounds
Books
 q - the Collected Works on Necromancy
   (You found it on level 1 of the Elven Halls)

   Spells                             Type                      Level
   a - Regeneration                   Charms/Necromancy            3
   b - Vampiric Draining              Necromancy                   3
   c - Agony                          Necromancy                   5
   d - Cigotuvi's Embrace             Necromancy                   5
 w - a book of Summonings

   Spells                             Type                      Level
   a - Recall                         Summoning/Translocation      3
   b - Aura of Abjuration             Summoning                    5
   c - Summon Demon                   Summoning                    5
   d - Summon Forest                  Summoning/Translocation      5
   e - Summon Mana Viper              Hexes/Summoning              5
   f - Shadow Creatures               Summoning                    6
 x - the Incunabulum of Toxic Earth
   (You found it on level 1 of the Lair of Beasts)

   Spells                             Type                      Level
   a - Sting                          Conjuration/Poison           1
   b - Passwall                       Transmutation/Earth          2
   c - Spider Form                    Transmutation/Poison         3
 y - a book of Frost

   Spells                             Type                      Level
   a - Freeze                         Ice                          1
   b - Throw Frost                    Conjuration/Ice              2
   c - Ozocubu's Armour               Charms/Ice                   3
   d - Throw Icicle                   Conjuration/Ice              4
   e - Summon Ice Beast               Ice/Summoning                4
 E - Sif Muna's Volume of the Entourage and Confrontation
   (You found it on level 6 of the Dungeon)

   Spells                             Type                      Level
   a - Shock                          Conjuration/Air              1
   b - Flame Tongue                   Conjuration/Fire             1
   c - Recall                         Summoning/Translocation      3
   d - Iskenderun's Battlesphere      Conjuration/Charms           5
   e - Summon Forest                  Summoning/Translocation      5
   f - Summon Demon                   Summoning                    5
 L - a book of Ice

   Spells                             Type                      Level
   a - Ice Form                       Ice/Transmutation            4
   b - Metabolic Englaciation         Hexes/Ice                    5
   c - Ozocubu's Refrigeration        Ice                          6
   d - Bolt of Cold                   Conjuration/Ice              6
   e - Freezing Cloud                 Conjuration/Ice/Air          6
   f - Simulacrum                     Ice/Necromancy               6
 O - a book of Enchantments

   Spells                             Type                      Level
   a - Cause Fear                     Hexes                        4
   b - Yara's Violent Unravelling     Hexes/Transmutation          5
   c - Silence                        Hexes/Air                    5
   d - Deflect Missiles               Charms/Air                   6
   e - Discord                        Hexes                        8
 X - the Guide on Helpful Flames
   (You found it on level 1 of the Spider Nest)

   Spells                             Type                      Level
   a - Infusion                       Charms                       1
   b - Flame Tongue                   Conjuration/Fire             1
   c - Ozocubu's Armour               Charms/Ice                   3
   d - Conjure Flame                  Conjuration/Fire             3
   e - Fireball                       Conjuration/Fire             5
   f - Delayed Fireball               Conjuration/Fire             7
Comestibles
 d - 12 bread rations


   Skills:
 + Level 8.4 Fighting
 * Level 12.5(15.6) Short Blades
 - Level 6.2 Armour
 * Level 9.9(13.2) Dodging
 * Level 16.9(19.7) Stealth
 * Level 2.8(4.7) Shields
 * Level 16.8 Spellcasting
 + Level 9.8(13.0) Conjurations
 + Level 14.5(17.5) Hexes
 + Level 0.4(1.7) Charms
 + Level 5.1(8.6) Summonings
 * Level 1.5(3.8) Translocations
 + Level 5.8(9.3) Fire Magic
 + Level 6.5(10.1) Ice Magic
 + Level 5.0(8.4) Air Magic
   Level 5.4(8.9) Poison Magic
 + Level 1.3(3.5) Evocations


You had 2 spell levels left.
You knew the following spells:

 Your Spells              Type           Power        Failure   Level  Hunger
a - Corona                Hex            #######      0%          1    None
b - Ensorcelled Hibernat  Hex/Ice        ######       0%          2    None
c - Confuse               Hex            #######.     0%          3    None
d - Shock                 Conj/Air       ####         1%          1    None
e - Fireball              Conj/Fire      ######....   1%          5    None
f - Repel Missiles        Chrm/Air       ######       1%          2    None
g - Lightning Bolt        Conj/Air       ######....   1%          5    None
h - Tukima's Dance        Hex            #######.     0%          3    None
i - Discord               Hex            #######...   14%         8    ######.
j - Regeneration          Chrm/Necr      ####......   6%          3    None
k - Shroud of Golubria    Chrm/Tloc      #####.....   1%          2    None
l - Delayed Fireball      Conj/Fire      N/A          24%         7    #####..
m - Freezing Cloud        Conj/Ice/Air   ######....   6%          6    ###....
n - Summon Demon          Summ           ######....   1%          5    None


Dungeon Overview and Level Annotations

Branches:
Dungeon (15/15)            Temple (1/1) D:7            Lair (6/6) D:10
  Swamp (4/4) Lair:3       Spider (4/4) Lair:3        Slime (0/5) Lair:5
    Orc (2/2) D:12            Elf (3/3) Orc:2        Vaults (0/5) D:14
 Depths (0/5) D:15

Altars:
Ashenzari
Cheibriados
Dithmenos
Fedhas
Hepliaklqana
Kikubaaqudgha
Okawaru
Trog
Uskayaw
Vehumet
Xom

Shops:
D:4 (   D:5 *   D:7 *   D:10 (*[?   D:12 [   D:14 (   Orc:1 %   Orc:2 ([**(!

Portals:
Trove: D:11 (give 6 scrolls of blinking)

Annotations:
Swamp:1 exclusion: thorn hunter
Elf:1 Roxanne


Innate Abilities, Weirdness & Mutations

You are very small and have problems with some larger weapons.
You are too small for most types of armour.
You have supernaturally acute eyesight. (SInv)
You are a herbivore.
You cover ground extremely quickly.
You need consume almost no food.


Message History

Casting: Summon Demon
Confirm with . or Enter, or press ? or * to list all spells.
You open a gate to Pandemonium!
A demon appears!
The dire flail of holy wrath hits you!!
The dire flail of holy wrath misses you.
You swap places.
The dire flail of holy wrath hits your sixfirhy!!
Your sixfirhy convulses!!
Your sixfirhy dies!
Your chaos spawn closely misses the dire flail of holy wrath.
Your ynoxinul gestures.
The dire flail of holy wrath hits you!!
* * * LOW HITPOINT WARNING * * *
You block the dire flail of holy wrath's attack.
You see here an arrow.
You block the dire flail of holy wrath's attack.
You block the dire flail of holy wrath's attack.
Your ynoxinul gestures.
The dire flail of holy wrath hits you!!
You die...

###...#([#..#..#..#........###...
###.).#).{.)4..#.....#####.# #...
####..##'####)##.###)# #.# ##..
####..#..#|.#..#)###.# #.# #..
####..#..#.=#..#.###.# #.# ##..
####..##'##'#'##.###.# #.###...
####<.#.4'..#..#.###.# #.##....
####..#..#).#..#[###.# #.#.....
###!55########'#@###.# #.<.....
###.(.)55354...(.###.# ##.......
###)################.# #.(......
##[################.# #.....e..
##(####...#########.# #....e{..
###[####...#########)## ##..)....
...([......#### #...# #.e.....
.[.=).....)...#####...## #)#...)#
._..#..................# #.##{...


You could see a dire flail of holy wrath, a friendly ynoxinul, a friendly chaos
spawn and a friendly ufetubus.

Vanquished Creatures
  Saint Roka (Elf:2)
  Arachne (Spider:4)
  Frances (Swamp:2)
  A thorn hunter (Swamp:1)
  An azure jelly (Swamp:4)
  A frost giant (IceCv)
  4 ghost moths
  2 orc warlords (Orc:1)
  5 emperor scorpions
  A very ugly thing (Swamp:4)
  An entropy weaver (Spider:2)
  A deep elf demonologist (Elf:1)
  2 spark wasps (Spider:4)
  A fire dragon (D:15)
  4 deep elf death magi
  Snorg (D:14)
  5 vault guards
  A ghost crab (Swamp:3)
  13 hydras
  3 ice dragons (Swamp:4)
  4 catoblepae
  A deep troll shaman (Lair:6)
  8 alligators
  6 dancing weapons
  3 centaur warriors
  A tengu warrior (D:14)
  Urug (Lair:4)
  2 ogre magi (D:15)
  16 death yaks
  2 orc high priests
  Sonja (D:13)
  6 deep elf knights
  10 spriggans
  4 unseen horrors
  An unseen horror (shapeshifter) (D:14)
  5 wizards
  4 swamp dragons
  Pikel (D:6)
  7 deep elf archers
  A hill giant (shapeshifter) (D:15)
  A spriggan druid (Swamp:4)
  9 hill giants
  18 orb spiders
  19 deep elf magi
  A lindwurm (Lair:6)
  33 wolf spiders
  2 orc knights (Orc:2)
  2 orc sorcerers
  A necromancer (D:14)
  3 ugly things (D:14)
  A manticore (D:11)
  2 cyclopes
  4 elephants (Lair:6)
  A moth of wrath (Spider:2)
  A centaur zombie (D:13)
  3 torpor snails
  3 black mambas
  Psyche (D:10)
  2 gargoyles
  An eye of devastation (Lair:5)
  17 spiny frogs
  4 freezing wraiths (Swamp:4)
  3 rime drakes
  2 efreet
  6 komodo dragons
  3 kobold demonologists
  A tengu conjurer (D:14)
  16 demonic crawlers
  2 ice devils (Lair:5)
  The ghost of Eremar the Slasher, an amateur MiFi of the Shining One (D:4)
  34 jumping spiders
  16 polar bears
  A merfolk (shapeshifter) (D:14)
  24 hornets
  6 two-headed ogres (D:15)
  10 bog bodies
  7 tyrant leeches
  28 blink frogs
  8 trolls
  5 slime creatures
  8 hippogriffs
  Sigmund (D:3)
  25 tarantellas
  77 redbacks
  3 shadows
  2 wyverns
  63 yaks
  5 water elementals
  6 wraiths
  4 fire elementals
  4 hungry ghosts
  A basilisk (Lair:6)
  17 humans (D:14)
  7 swamp worm simulacra (Swamp:4)
  17 insubstantial wisps
  20 vampire mosquitoes
  20 swamp worms
  4 wargs
  A soldier ant (D:12)
  16 hydra simulacra (Swamp:4)
  8 water moccasins
  16 swamp drakes
  5 porcupines
  43 orc warriors
  2 sky beasts (D:10)
  3 black bears
  2 large abominations (Elf:1)
  15 ogres
  28 wolves
  A hornet zombie (D:10)
  8 ice beasts
  An eye of draining (Lair:5)
  2 phantoms
  A slave (D:6)
  19 centaurs
  5 crocodiles
  8 big kobolds
  2 elf zombies (Elf:1)
  14 bullfrogs
  2 earth elementals (Elf:2)
  A gnoll sergeant (D:8)
  A wyvern skeleton (D:8)
  6 scorpions
  A hornet simulacrum (D:15)
  7 killer bees
  4 electric eels
  3 wights (D:6)
  9 howler monkeys
  A bullfrog zombie (D:11)
  9 crimson imps
  3 quasits
  A jelly (D:8)
  A gnoll shaman (D:4)
  A bullfrog skeleton (D:12)
  16 orc priests
  4 hounds
  3 centaur skeletons
  Ijyb (D:3)
  5 iguanas
  26 orc wizards
  6 worker ants
  2 hound skeletons
  2 worker ant zombies
  14 adders
  15 gnolls
  A howler monkey skeleton (D:8)
  A river rat (D:4)
  3 shadow imps
  A swamp drake simulacrum (Swamp:4)
  An adder zombie (D:6)
  3 adder skeletons
  5 worms
  A dart slug (D:2)
  8 leopard geckos
  112 orcs
  7 giant cockroaches
  4 goblins
  3 hobgoblins
  7 jackals
  2 quokkas
  2 ball pythons (D:1)
  11 bats
  8 frilled lizards
  A jackal zombie (D:6)
  29 kobolds
  A leopard gecko zombie (D:8)
  5 rats
  A butterfly (Lair:3)
1281 creatures vanquished.

Vanquished Creatures (collateral kills)
  A dancing weapon (Elf:2)
  A hornet (Spider:4)
2 creatures vanquished.

Vanquished Creatures (others)
  A deep elf knight (Elf:2)
  A jumping spider (Spider:1)
  4 blink frogs (Swamp:4)
  2 vampire mosquitoes (Swamp:1)
  A swamp worm (Swamp:3)
  An orc warrior (Orc:2)
  A slave (D:6)
  A hound (D:6)
  An orc priest (D:6)
  An orc wizard (Orc:2)
  A worker ant (D:6)
  A bush (Lair:6)
  17 fungi
  16 plants
49 creatures vanquished.

Grand Total: 1332 creatures vanquished

Notes
Turn   | Place    | Note
-------+----------+-------------------------------------------
     0 | D:1      | greprep the Spriggan Enchanter began the quest for the Orb.
     0 | D:1      | Reached XP level 1. HP: 9/9 MP: 5/5
   430 | D:1      | Reached XP level 2. HP: 2/13 MP: 6/6
   434 | D:1      | Learned a level 2 spell: Ensorcelled Hibernation
  1697 | D:2      | Reached XP level 3. HP: 17/17 MP: 8/8
  1702 | D:2      | Learned a level 3 spell: Confuse
  1775 | D:2      | Reached skill level 5 in Stealth
  2327 | D:2      | Reached XP level 4. HP: 21/21 MP: 6/9
  2971 | D:3      | Reached XP level 5. HP: 25/25 MP: 10/10
  3257 | D:3      | Reached skill level 1 in Fighting
  3373 | D:3      | Noticed Ijyb
  3380 | D:3      | Killed Ijyb
  3649 | D:3      | Noticed Sigmund
  3660 | D:3      | Killed Sigmund
  3660 | D:3      | Reached skill level 1 in Ice Magic
  3660 | D:3      | Reached XP level 6. HP: 30/30 MP: 11/11
  4344 | D:4      | You fall through a shaft for 3 floors!
  4506 | D:7      | Noticed an ice beast
  4511 | D:7      | Killed an ice beast
  4511 | D:7      | Reached XP level 7. HP: 35/35 MP: 12/12
  4665 | D:5      | Entered Level 5 of the Dungeon
  4938 | D:4      | Found Emuamp's Weapon Shop.
  5044 | D:4      | Reached skill level 5 in Dodging
  5163 | D:4      | Reached skill level 5 in Hexes
  5593 | D:4      | Noticed Eremar's ghost (amateur MiFi)
  5640 | D:4      | Killed Eremar's ghost
  5640 | D:4      | Reached XP level 8. HP: 38/39 MP: 5/15
  6100 | D:5      | Found Cizoji Varee's General Store.
  6312 | D:5      | Reached skill level 10 in Stealth
  6614 | D:6      | Identified Sif Muna's Volume of the Entourage and Confrontation
  6627 | D:6      | Noticed Pikel
  6634 | D:6      | Killed Pikel
  6843 | D:6      | Reached skill level 5 in Spellcasting
  7017 | D:6      | Reached XP level 9. HP: 21/44 MP: 17/17
  7637 | D:7      | Got a crystal flail
  7638 | D:7      | Identified the +10 flail of Gozag's Hope {drain, Dex+2} (You found it on level 7 of the Dungeon)
  7891 | D:7      | Found Odoih's General Store.
  7894 | D:7      | Bought a scroll of amnesia for 52 gold pieces
  7894 | D:7      | Bought a scroll of blinking for 112 gold pieces
  7894 | D:7      | Bought a scroll of random uselessness for 15 gold pieces
  7894 | D:7      | Bought a scroll of teleportation for 45 gold pieces
  7894 | D:7      | Bought a scroll of amnesia for 52 gold pieces
  7949 | D:7      | Found a staircase to the Ecumenical Temple.
  8084 | Temple   | Entered the Ecumenical Temple
  8089 | Temple   | Became a worshipper of Ashenzari the Shackled
  8504 | D:8      | Reached skill level 5 in Short Blades
  8777 | D:8      | Noticed a catoblepas
  9022 | D:8      | Learned a level 1 spell: Shock
  9636 | D:8      | Reached skill level 1 in Air Magic
  9744 | D:8      | Reached skill level 1 in Conjurations
 10410 | D:8      | Reached XP level 10. HP: 39/49 MP: 20/20
 11483 | D:8      | Killed a catoblepas
 12007 | D:9      | Reached * piety under Ashenzari
 12689 | D:10     | Entered Level 10 of the Dungeon
 13108 | D:10     | Noticed an unseen horror
 13114 | D:10     | Killed an unseen horror
 13114 | D:10     | Reached XP level 11. HP: 54/54 MP: 23/23
 13159 | D:10     | Found Pum Ymio's Armour Shop.
 13166 | D:10     | Bought a cursed +0 cloak for 45 gold pieces
 13171 | D:10     | Found Cezxac's Magic Scroll Shop.
 13195 | D:10     | Bought a scroll of enchant armour for 105 gold pieces
 13195 | D:10     | Bought a scroll of remove curse for 42 gold pieces
 13195 | D:10     | Bought a scroll of remove curse for 42 gold pieces
 13350 | D:10     | Found an iron altar of Okawaru.
 13443 | D:10     | Found Bagof's Magic Scroll Shop.
 13563 | D:10     | Found Cennumon's Assorted Antiques.
 13613 | D:10     | Found Hitamih's Weapon Shop.
 13639 | D:10     | Found a staircase to the Lair.
 13888 | D:10     | Noticed an unseen horror
 13893 | D:10     | Killed an unseen horror
 13893 | D:10     | Reached skill level 5 in Fighting
 13894 | D:10     | Noticed Psyche
 13901 | D:10     | Killed Psyche
 13916 | D:10     | Reached ** piety under Ashenzari
 14203 | Lair:1   | Entered Level 1 of the Lair of Beasts
 14222 | Lair:1   | Identified Weph's Guide on Creative Confrontation
 14374 | Lair:1   | Identified the Incunabulum of Toxic Earth
 14765 | Lair:1   | Reached skill level 15 in Stealth
 15029 | Lair:2   | Reached *** piety under Ashenzari
 15493 | Lair:3   | Found a staircase to the Swamp.
 15494 | Lair:3   | Noticed a four-headed hydra
 15511 | Lair:3   | Killed a four-headed hydra
 15511 | Lair:3   | Reached skill level 10 in Dodging
 15780 | Lair:3   | Reached **** piety under Ashenzari
 15784 | Lair:3   | Found a hole to the Spider Nest.
 15943 | Lair:3   | Noticed a death yak
 15943 | Lair:3   | Noticed a death yak
 15946 | Lair:3   | Noticed a death yak
 15950 | Lair:3   | Killed a death yak
 15951 | Lair:3   | Killed a death yak
 15955 | Lair:3   | Killed a death yak
 16055 | Lair:3   | Reached XP level 12. HP: 60/60 MP: 25/25
 16875 | Lair:4   | Noticed Urug
 16890 | Lair:4   | Killed Urug
 17325 | Lair:5   | Found a frozen archway.
 17547 | IceCv    | Entered an ice cave
 17991 | IceCv    | Learned a level 5 spell: Fireball
 18527 | IceCv    | Reached skill level 1 in Fire Magic
 18536 | IceCv    | Reached XP level 13. HP: 62/65 MP: 21/27
 18708 | IceCv    | Noticed a frost giant
 18720 | IceCv    | Killed a frost giant
 20125 | Lair:5   | Found a staircase to the Slime Pits.
 20261 | Lair:5   | Reached ***** piety under Ashenzari
 20604 | Lair:6   | Entered Level 6 of the Lair of Beasts
 21105 | Lair:6   | Identified the ring of Wustria {MP+9 Dex+2}
 22217 | Lair:6   | Reached skill level 10 in Spellcasting
 22237 | Lair:6   | Reached XP level 14. HP: 62/72 MP: 24/29
 22724 | Lair:6   | Identified a scroll of acquirement
 22724 | Lair:6   | Identified the cursed +11 gold dragon scales "Tegrebber" {rPois rF+ rC+ rN+ Str+2 Int+2} (You acquired it on level 6 of the Lair of Beasts)
 23273 | Lair:6   | Reached skill level 1 in Armour
 23310 | Lair:6   | Reached skill level 10 in Hexes
 23500 | Lair:6   | Reduced skill Dodging to level 10
 23767 | Lair:6   | Reached skill level 10 in Short Blades
 24276 | Lair:6   | Reached skill level 5 in Armour
 25708 | D:11     | Reached skill level 5 in Ice Magic
 25896 | D:11     | Found a portal to a secret trove of treasure.
 26133 | D:11     | Learned a level 2 spell: Repel Missiles
 26507 | D:12     | Found a staircase to the Orcish Mines.
 26639 | D:12     | Reached skill level 10 in Dodging
 27234 | D:12     | Found Fatz's Antique Armour Shoppe.
 27242 | D:12     | Bought a runed hat for 260 gold pieces
 27686 | D:10     | Bought a scroll of teleportation for 39 gold pieces
 27686 | D:10     | Bought a scroll of identify for 26 gold pieces
 27686 | D:10     | Bought a scroll of identify for 26 gold pieces
 27686 | D:10     | Bought a scroll of remove curse for 39 gold pieces
 27686 | D:10     | Bought a scroll of teleportation for 39 gold pieces
 27848 | D:10     | Bought a scroll of remove curse for 42 gold pieces
 27848 | D:10     | Bought a scroll of magic mapping for 49 gold pieces
 27848 | D:10     | Bought a scroll of remove curse for 42 gold pieces
 27848 | D:10     | Bought a scroll of remove curse for 42 gold pieces
 27848 | D:10     | Bought a scroll of amnesia for 49 gold pieces
 28689 | D:13     | Noticed Sonja
 28692 | D:13     | Killed Sonja
 29747 | D:13     | Reached XP level 15. HP: 76/76 MP: 31/31
 30046 | D:15     | Entered Level 15 of the Dungeon
 30397 | D:14     | Found Onanud's Weapon Shop.
 30404 | D:14     | Noticed Snorg
 30423 | D:14     | Killed Snorg
 30452 | D:14     | Found a snail-covered altar of Cheibriados.
 31305 | D:14     | Found a gate to the Vaults.
 31776 | D:14     | Reached skill level 5 in Fire Magic
 33337 | D:15     | Reduced skill Dodging to level 10
 33464 | D:15     | Reached skill level 10 in Dodging
 33556 | D:15     | Found a shimmering altar of Xom.
 33596 | D:15     | Reached skill level 5 in Poison Magic
 33692 | D:15     | Found a staircase to the Depths.
 33901 | Orc:1    | Entered Level 1 of the Orcish Mines
 33956 | Orc:1    | Found Zioth's Food Shoppe.
 34058 | Orc:1    | Noticed an orc warlord
 34132 | Orc:1    | Killed an orc warlord
 34615 | Orc:1    | Noticed an orc warlord
 34649 | Orc:1    | Killed an orc warlord
 34879 | Orc:2    | Entered Level 2 of the Orcish Mines
 34901 | Orc:2    | Found Qougu's Distillery.
 34912 | Orc:2    | Bought a potion of heal wounds for 65 gold pieces
 34935 | Orc:2    | Found a staircase to the Elven Halls.
 35646 | Orc:2    | Found Guppoy's General Store.
 35646 | Orc:2    | Found Befoz's General Store.
 35648 | Orc:2    | Found Ulyqifory's Weapon Boutique.
 35650 | Orc:2    | Found Doxtem's Antique Armour Shoppe.
 35725 | Orc:2    | Bought a scroll of enchant armour for 97 gold pieces
 35736 | Orc:2    | Bought a twisted robe for 216 gold pieces
 35736 | Orc:2    | Identified the cursed +0 robe of Zuocwo {rC+} (You bought it in a shop on level 2 of the Orcish Mines)
 35844 | Orc:2    | Found Baopekk's Weapon Emporium.
 35970 | Orc:2    | Learned a level 5 spell: Lightning Bolt
 36184 | Swamp:1  | Entered Level 1 of the Swamp
 36226 | Lair:3   | Reached XP level 16. HP: 79/81 MP: 34/34
 36462 | Swamp:1  | Noticed a thorn hunter
 37385 | Swamp:1  | Killed a thorn hunter
 37385 | Swamp:1  | Reached skill level 5 in Conjurations
 37843 | Swamp:2  | Noticed a tentacled monstrosity
 37989 | Swamp:2  | Noticed Frances
 38007 | Swamp:2  | Killed Frances
 38317 | Swamp:2  | Learned a level 3 spell: Tukima's Dance
 39335 | Swamp:3  | Learned a level 8 spell: Discord
 39339 | Swamp:3  | Learned a level 3 spell: Regeneration
 39342 | Swamp:3  | Learned a level 2 spell: Shroud of Golubria
 39368 | Swamp:3  | Reached skill level 10 in Dodging
 40420 | Swamp:4  | Entered Level 4 of the Swamp
 42131 | Swamp:4  | Got a decaying rune of Zot
 43260 | Spider:1 | Entered Level 1 of the Spider Nest
 43388 | Spider:1 | Reached XP level 17. HP: 82/86 MP: 36/36
 43946 | Spider:1 | Identified the Guide on Helpful Flames
 43967 | Spider:1 | Learned a level 7 spell: Delayed Fireball
 43973 | Spider:1 | Learned a level 5 spell: Fireball
 44989 | Spider:2 | Learned a level 6 spell: Freezing Cloud
 45173 | Spider:2 | Reached skill level 15 in Spellcasting
 45491 | Spider:2 | Identified the ring of Litien {rF+ rC+ Int+3 Stlth+}
 46863 | Spider:3 | Reached ****** piety under Ashenzari
 47069 | Spider:4 | Entered Level 4 of the Spider Nest
 47163 | Spider:4 | Noticed Arachne
 48173 | Spider:4 | Killed Arachne
 50169 | Spider:4 | Reached XP level 18. HP: 57/91 MP: 0/38
 51119 | Spider:4 | Reached skill level 1 in Evocations
 51143 | Spider:4 | Got a gossamer rune of Zot
 51488 | Elf:1    | Entered Level 1 of the Elven Halls
 51514 | Elf:1    | Noticed Roxanne
 51977 | Elf:1    | Identified the Collected Works on Necromancy
 52105 | Elf:1    | Identified the +2 rapier "Esegg" {drain, rElec rC- Dex+6 Stlth+}
 53123 | Elf:2    | Reached skill level 1 in Summonings
 53365 | Elf:2    | Found an ancient bone altar of Kikubaaqudgha.
 53375 | Elf:2    | Reached skill level 5 in Air Magic
 53534 | Elf:2    | Identified the +7 hand crossbow of Jamoot {freeze, rN+++}
 53543 | Elf:2    | Noticed Saint Roka
 53563 | Elf:3    | Entered Level 3 of the Elven Halls
 53678 | Elf:3    | Identified the +1 plate armour of the Hidden Vale {rN+ MR+++ Stlth+}
 53702 | Elf:2    | Found a runed door.
 53706 | Elf:2    | Identified the ring "Vetaih" {rN+ SInv Stlth+}
 53728 | Elf:2    | Reduced skill Dodging to level 10
 53757 | Elf:2    | Killed Saint Roka
 53757 | Elf:2    | Reached skill level 5 in Summonings
 55087 | Elf:2    | Reached skill level 1 in Shields
 55152 | Elf:2    | Reached skill level 1 in Translocations
 55184 | Elf:2    | Learned a level 5 spell: Summon Demon
 55417 | Elf:2    | Demolished by a dire flail of holy wrath

Skill      XL: |  1  2  3  4  5  6  7  8  9 10 11 12 13 14 15 16 17 18 |
---------------+-------------------------------------------------------+-----
Hexes          | 4 5 6 7 8 9 11 12 13 14 | 14.5
Stealth        | 5 6 7 8 9 11 12 14 16 18 19 20 16 17 16 | 16.9
Short Blades   | 2 3 4 5 6 7 8 9 10 11 12 | 12.5
Dodging        | 4 5 6 7 9 10 11 12 10 8 10 12 9 |  9.9
Fighting       | 1 2 3 4 5 6 7 8 |  8.4
Spellcasting   | 3 4 5 6 7 8 9 10 11 13 14 15 16 | 16.8
Ice Magic      | 1 2 3 4 5 6 |  6.5
Air Magic      | 1 2 3 4 5 |  5.0
Conjurations   | 1 2 8 9 |  9.8
Fire Magic     | 1 3 4 5 |  5.8
Armour         | 5 6 |  6.2
Poison Magic   | 5 |  5.4
Evocations     | 1 |  1.3
Summonings     | 5 |  5.1
Shields        | 2 |  2.8
Translocations | 1 |  1.5
Charms         | |  0.4

Action                   |  1- 3 |  4- 6 |  7- 9 | 10-12 | 13-15 | 16-18 || total
-------------------------+-------+-------+-------+-------+-------+-------++-------
Melee: Dagger            |    98 |    87 |   212 |   361 |   991 |  1059 ||  2808
 Cast: Corona            |     1 |       |     2 |       |       |     4 ||     7
       Ensorcelled Hiber |    22 |    39 |    89 |   161 |   446 |   240 ||   997
       Confuse           |       |       |    33 |    58 |   131 |   179 ||   401
       Shock             |       |       |     8 |     2 |     7 |     1 ||    18
       Fireball          |       |       |       |       |    18 |   182 ||   200
       Repel Missiles    |       |       |       |       |     4 |     2 ||     6
       Regeneration      |       |       |       |       |       |     1 ||     1
       Freezing Cloud    |       |       |       |       |       |    15 ||    15
       Summon Demon      |       |       |       |       |       |     7 ||     7
Invok: Curse Item        |       |       |     4 |       |     6 |     2 ||    12
       Scrying           |       |       |       |     5 |     7 |    19 ||    31
       Transfer Knowledg |       |       |       |       |     2 |     3 ||     5
Evoke: Wand              |       |       |       |     1 |     6 |    28 ||    35
  Use: Scroll            |       |       |     8 |    18 |    17 |    18 ||    61
       Potion            |       |       |       |       |     1 |    23 ||    24
 Stab: Sleeping          |    21 |    35 |    57 |   138 |   258 |   176 ||   685
       Confused          |       |       |    13 |    18 |    58 |    66 ||   155
       Distracted        |       |       |       |     6 |    15 |    19 ||    40
       Petrified         |       |       |       |       |     5 |       ||     5
       Petrifying        |       |       |       |       |     1 |       ||     1
  Eat: Bread ration      |       |     1 |     1 |     1 |     1 |     3 ||     7
       Royal jelly       |       |       |     1 |     1 |     1 |     1 ||     4
       Pizza             |       |       |     1 |       |     3 |       ||     4
       Fruit             |       |       |       |       |     6 |     9 ||    15
Armor: Robe              |    19 |     9 |    10 |    14 |    42 |   101 ||   195
Dodge: Dodged            |   108 |    72 |   185 |   262 |   819 |  1439 ||  2885
       Deflected         |       |       |       |       |    12 |    11 ||    23
Block: Buckler           |       |       |       |       |       |    10 ||    10
